 Dungeon Crawl Stone Soup version 0.29.1-13-g9f3cf754e1 (webtiles) character file.

Game seed: 7964872969093621380

173 sircluck the Ducker (level 5, 0/53 HPs)
             Began as a Troll Fighter on Jan 25, 2023.
             Slain by a scorpion (5 damage)
             ... on level 3 of the Dungeon.
             The game lasted 00:16:38 (3406 turns).

sircluck the Ducker (Troll Fighter)                 Turns: 3406, Time: 00:16:48

Health: 0/53       AC:  4    Str: 26    XL:     5   Next: 28%
Magic:  4/4        EV:  9    Int:  4    God:
Gold:   219        SH:  7    Dex:  9    Spells: 4/4 levels left

rFire   . . .      SeeInvis .   e - +2 whip (venom)
rCold   . . .      Faith    .   b - +0 kite shield
rNeg    . . .      Spirit   .   a - +0 robe
rPois   .          Reflect  .   (helmet restricted)
rElec   .          Harm     .   (no cloak)
rCorr   .          Rampage  .   (gloves unavailable)
Will    .....                   (boots unavailable)
Stlth   +.........              (no amulet)
HPRegen 0.97/turn               (no ring)
MPRegen 0.09/turn               (no ring)

@: lethally poisoned (0 -> -7), on berserk cooldown, slowed, very slow
A: large, unfitting armour, claws 3, regeneration 1, shaggy fur 1, tough skin 1
a: no special abilities


You were on level 3 of the Dungeon.
You visited 1 branch of the dungeon, and saw 4 of its levels.

You collected 219 gold pieces.

Inventory:

Hand Weapons
 e - a +2 whip of venom (weapon)
 g - a +0 short sword
 h - a +0 hand axe
 t - a +2 whip of distortion
 y - a +2 dagger of venom
Missiles
 f - 27 stones (quivered)
 j - 3 large rocks
 q - 3 javelins
 x - 4 poisoned darts
Armour
 a - a +0 robe (worn)
 b - a +0 kite shield (worn)
 m - a +0 leather armour
 r - a +0 ring mail
 w - a +0 leather armour
Scrolls
 i - 3 scrolls of immolation {unknown}
 n - 2 scrolls of identify {unknown}
 o - a scroll of teleportation {unknown}
 s - a scroll of fear {unknown}
 u - a scroll of vulnerability {unknown}
 v - a scroll of noise {unknown}
Potions
 c - 5 potions of might
 d - 2 potions of curing {unknown}
 k - a potion of attraction {unknown}
 l - a potion of cancellation {unknown}
 p - a potion of berserk rage


   Skills:
 + Level 3.1 Fighting
 + Level 2.0 Maces & Flails
 + Level 3.2 Dodging
 + Level 0.6 Stealth
 + Level 3.2 Shields
 + Level 2.2 Unarmed Combat


You had 4 spell levels left.
You didn't know any spells.
Your spell library contained the following spells:

 Spells                   Type           Power      Damage    Failure   Level
 Foxfire                  Conj/Fire      0%         2x1d4     80%         1
 Conjure Flame            Conj/Fire      0%         6-21      99%         3
 Inner Flame              Hex/Fire       0%         N/A       99%         3
 Flame Wave               Conj/Fire      0%         2d4       100%        4
 Hailstorm                Conj/Ice       0%         3d3       100%        4
 Ice Form                 Ice/Tmut       0%         N/A       100%        4
 Simulacrum               Ice/Necr       0%         N/A       100%        6
 Chain Lightning          Conj/Air       0%         N/A       100%        9
 Fire Storm               Conj/Fire      0%         5d1       100%        9
 Shatter                  Erth           0%         3d5*      100%        9


Dungeon Overview and Level Annotations

Branches:
Dungeon (4/15)
 Temple: D:4-7

Altars:
Nemelex Xobeh
Sif Muna
Yredelemnul
Zin


Innate Abilities, Weirdness & Mutations

You are too large for most types of armour.
You have claws for hands.
Your natural rate of healing is unusually fast.
You are covered in fur. (AC +1)
You have tough skin. (AC +1)


Message History

The scorpion stings you but does no damage.
You feel a strong urge to attack something.
The hound barely misses you. The gnoll closely misses you.
You whack the gnoll!
The gnoll is almost dead.
You kill the kobold!
The hound closely misses you. You block the scorpion's attack.
You closely miss the gnoll.
The gnoll is almost dead.
The hound bites you but does no damage. You block the gnoll's attack.
You block the hound's attack.
You hit the hound.
The hound is moderately wounded.
The scorpion stings you.
* * * LOW HITPOINT WARNING * * *
The gnoll completely misses you. You block the hound's attack.
You barely miss the hound.
The hound is moderately wounded.
The scorpion completely misses you. The hound bites you but does no damage.
The gnoll hits you with a +0 flail.
* * * LOW HITPOINT WARNING * * *
You whack the gnoll!
You kill the gnoll!
You block the scorpion's attack. The hound bites you.
* * * LOW HITPOINT WARNING * * *
You have reached level 5!
You thrash the hound!!
You kill the hound!
The scorpion stings you but does no damage.
Your Maces & Flails skill increases to level 2!
You are no longer berserk.
You are exhausted.
You feel yourself slow down. The scorpion misses you.
You whack the scorpion!
The scorpion is heavily wounded.
The scorpion stings you.
* * * LOW HITPOINT WARNING * * *
You are lethally poisoned!
The scorpion poisons you! The scorpion stings you.
You die...

#######.........#....#####
#...........#### #
#..........#########
#...............##.[
##........#######...
#####.........# #....
#.............# ##...≈
#####...).....# #...≈≈
#..@s.....# #...≈≈
#.<)......# #...≈≈
##....<..## ##...≈
##.....## #.... #######
##... ##.. ### # #


You could see a scorpion.

Vanquished Creatures
  A hound (D:3)
  Jessica (D:3)
  3 gnolls
  An adder (D:2)
  2 worms (D:3)
  2 dart slugs (D:3)
  4 orcs (D:3)
  14 endoplasms
  3 giant cockroaches
  2 goblins
  8 hobgoblins
  5 kobolds
  A quokka (D:3)
  3 ball pythons
  7 bats
  3 frilled lizards
  6 rats
66 creatures vanquished.

Notes
Turn   | Place    | Note
-------+----------+-------------------------------------------
     0 | D:1      | sircluck the Troll Fighter began the quest for the Orb.
     0 | D:1      | Reached XP level 1. HP: 22/22 MP: 0/0
   249 | D:1      | Reached XP level 2. HP: 24/29 MP: 1/1
  1361 | D:2      | Reached XP level 3. HP: 36/36 MP: 2/2
  2136 | D:2      | Reached skill level 1 in Maces & Flails
  2573 | D:3      | Found a sparkling altar of Nemelex Xobeh.
  2668 | D:3      | Reached XP level 4. HP: 37/44 MP: 3/3
  2705 | D:3      | Found a faded altar of an unknown god.
  3029 | D:3      | Noticed Jessica
  3042 | D:3      | Killed Jessica
  3054 | D:3      | Found a shimmering blue altar of Sif Muna.
  3196 | D:3      | Found a basalt altar of Yredelemnul.
  3212 | D:3      | Found a glowing silver altar of Zin.
  3317 | D:4      | Noticed a lemure
  3324 | D:4      | Noticed a scorpion
  3404 | D:3      | Reached XP level 5. HP: 11/53 MP: 4/4
  3406 | D:3      | Slain by a scorpion

Illustrated notes

Levels and vault maps discovered:
D:1:      heliophobic_arrival_glass_houses, layout_basic,
          chequers_decorated_corner, minmay_tetromino_t2
D:2:      layout_loops_ring, nicolae_titane
D:3:      layout_rooms, mainiacjoe_overflow_tiny_flanked, tgw_sif,
          mainiacjoe_overflow_swirl, dreamdust_ecumenical_altar_statues
D:4:      layout_loops_ring, temple_statues, gup_sewer_entry_pipe, serial_shops,
          shop, uniq_pikel

Skill      XL: |  1  2  3  4  5 |
---------------+----------------+-----
Maces & Flails | 1 2 |  2.0
Dodging        | 3 |  3.2
Fighting       | 3 |  3.1
Shields        | 3 |  3.2
Stealth        | |  0.6
Unarmed Combat | |  2.2

Action                   |  1- 3 |  4- 6 || total
-------------------------+-------+-------++-------
Melee: Unarmed           |    10 |       ||    10
       Whip              |    96 |    46 ||   142
  Use: Potion            |       |     1 ||     1
Armor: Robe              |    67 |    18 ||    85
Dodge: Dodged            |    54 |    30 ||    84
Block: Kite shield       |    58 |    29 ||    87
